 Dungeon Crawl Stone Soup version 0.24-a0-381-g637bb3806f (webtiles) character file.

Game seed: 10720904521665588580

740092 Avack the Pyromancer (level 27, -8/226 HPs)
             Began as a Demonspawn Conjurer on June 1, 2019.
             Was the Champion of Dithmenos.
             Killed by dispel undead
             ... invoked by a Tzitzimitl
             ... summoned by Wiatepif
              (66 damage)
             ... in Pandemonium on June 3, 2019.
             The game lasted 06:03:25 (94448 turns).

Avack the Pyromancer (Demonspawn Conjurer)         Turns: 94448, Time: 06:03:25

Health: -8/226     AC: 31    Str: 13 (18) XL:     27
Magic:  3/41       EV: 20    Int: 29      God:    Dithmenos [******]
Gold:   4919       SH: 26    Dex: 18      Spells: 0/54 levels left

rFire    + + +     SeeInvis +   b - staff of energy
rCold    + + +     Gourm    .   Q - +5 shield "Ecver" {rF+ rC++ Int+3}
rNeg     + + +     Faith    .   U - quicksilver dragon scales
rPois    ∞         Spirit   .   (helmet unavailable)
rElec    .         Reflect  +   F - +2 cloak {+Inv}
rCorr    .         Harm     .   R - +2 pair of gloves {Dex+3}
MR       +++..                  V - +2 pair of boots {Fly}
Stlth    ++++++++..             h - brooch of Shielding {Reflect SH+8}
HPRegen  0.00/turn              T - ring of wizardry
MPRegen  0.27/turn              S - ring of Geirur {rF+ MR- Str+7 Slay+6 SInv}

@: lich-form, flying, wreathed by umbra
A: horns 3, talons 1, rugged brown scales 3, fire resistance 1, hurl damnation,
foul stench 2, inhibited regeneration, spiny 3, wild magic 1, rot immunity,
flame cloud immunity
}: 5/15 runes: decaying, slimy, silver, abyssal, gossamer
a: Hurl Damnation, End Transformation, Shadow Step, Shadow Form, Renounce
Religion, Evoke Invisibility, Stop Flying


You were in Pandemonium.
You worshipped Dithmenos.
Dithmenos was exalted by your worship.
You were not hungry.
You were a lich.
You visited 11 branches of the dungeon, and saw 57 of its levels.
You visited Pandemonium 1 time, and saw 1 of its levels.
You visited the Abyss 1 time.
You visited 1 bazaar.
You also visited: Ice Cave and Wizlab.

You collected 8304 gold pieces.
You spent 3385 gold pieces at shops.

Inventory:

Hand Weapons
 a - a +9 demon blade of flaming
 d - the +8 demon blade "Leech" {vamp, rN+ AC-3 EV-3}
   (You took it off an ironheart preserver on level 5 of the Vaults)

   It inflicts no extra harm, but heals its wielder when it wounds a living foe.
   It affects your AC (-3).
   It affects your evasion (-3).
   It protects you from negative energy.
Missiles
 P - 11 curare-tipped darts (quivered)
Armour
 F - a +2 cloak of invisibility (worn)
 Q - the +5 shield "Ecver" (worn) {rF+ rC++ Int+3}
   (You took it off Donald on level 4 of the Spider Nest)

   It affects your intelligence (+3).
   It protects you from fire.
   It greatly protects you from cold.
 R - a +2 pair of gloves of dexterity (worn)
 U - quicksilver dragon scales (worn)
 V - a +2 pair of boots of flying (worn)
Magical Staves
 b - an uncursed staff of energy (weapon)
 c - an uncursed staff of conjuration
Jewellery
 h - the brooch of Shielding (around neck) {Reflect SH+8}
   (You found it on level 3 of the Elven Halls)

   [amulet of reflection]

   It shields you and reflects attacks.
   It affects your SH (+8).
 i - the ring "Cuihiunn" {rPois rC+ Dex+3}
   (You found it on level 3 of the Elven Halls)

   [ring of protection from cold]

   It affects your dexterity (+3).
   It protects you from cold.
   It protects you from poison.
 s - an uncursed ring of resist corrosion
 u - the ring of Birdsong {rN+ MR+ Dex+3}
   (You bought it in a shop on level 6 of the Dungeon)

   [ring of positive energy]

   It affects your dexterity (+3).
   It protects you from negative energy.
   It affects your resistance to hostile enchantments.
 S - the ring of Geirur (right hand) {rF+ MR- Str+7 Slay+6 SInv}
   (You took it off an ironheart preserver on level 5 of the Vaults)

   [ring of protection from fire]

   It affects your strength (+7).
   It affects your accuracy and damage with ranged weapons and melee attacks
   (+6).
   It protects you from fire.
   It affects your resistance to hostile enchantments.
   It lets you see invisible.
 T - a ring of wizardry (left hand)
 W - the ring "Sieggaz" {rF++ AC+3}
   (You found it on level 3 of the Depths)

   [ring of protection]

   It affects your AC (+3).
   It greatly protects you from fire.
Wands
 e - a wand of enslavement (26)
 k - a wand of paralysis (34)
 o - a wand of scattershot (25)
 q - a wand of clouds (6)
 x - a wand of digging (16)
 y - a wand of iceblast (43)
 D - a wand of acid (25)
Scrolls
 g - 7 scrolls of fog
 w - 20 scrolls of remove curse
 E - 8 scrolls of blinking
 G - a scroll of brand weapon
 H - 4 scrolls of magic mapping
 I - 3 scrolls of summoning
 K - 12 scrolls of fear
 L - a scroll of silence
 O - 8 scrolls of identify
 Z - 6 scrolls of teleportation
Potions
 j - 4 potions of mutation
 l - 18 potions of curing
 m - 3 potions of heal wounds
 n - 9 potions of might
 r - 3 potions of magic
 v - 6 potions of haste
 z - 4 potions of brilliance
 B - a potion of cancellation
 J - 4 potions of resistance
 X - 2 potions of invisibility
 Y - 7 potions of agility
Miscellaneous
 p - 3 phantom mirrors
 t - a lamp of fire
 A - a phial of floods
 C - 2 boxes of beasts
 M - 3 sacks of spiders
 N - a lightning rod (4/4)
Comestibles
 f - 22 rations


   Skills:
 - Level 16.4 Fighting
 - Level 14.0 Long Blades
 - Level 8.0 Armour
 - Level 14.0 Dodging
 - Level 11.0 Stealth
 - Level 15.0 Shields
 - Level 14.2 Spellcasting
 - Level 15.9 Conjurations
 - Level 3.8 Hexes
 + Level 7.8 Charms
 - Level 19.3 Necromancy
 - Level 4.2 Translocations
 - Level 14.0 Transmutations
 - Level 21.0 Fire Magic
 + Level 6.7 Air Magic
 - Level 10.3 Earth Magic
 - Level 9.7 Invocations
 - Level 11.9 Evocations


You couldn't memorise any spells.
You knew the following spells:

 Your Spells              Type           Power        Failure   Level  Hunger
a - Magic Dart            Conj           ####         1%          1    N/A
b - Ignition              Fire           ########..   3%          8    N/A
c - Necromutation         Tmut/Necr      ########..   17%         8    N/A
d - Bolt of Fire          Conj/Fire      ########..   1%          6    N/A
e - Confusing Touch       Hex            ######       1%          1    N/A
f - Apportation           Tloc           ######       1%          1    N/A
g - Dispel Undead         Necr           ########     1%          5    N/A
h - Iron Shot             Conj/Erth      #######...   2%          6    N/A
i - Regeneration          Chrm/Necr      ########..   1%          3    N/A
j - Blink                 Tloc           N/A          1%          2    N/A
k - Sublimation of Blood  Necr           ########..   1%          2    N/A
l - Borgnjor's Vile Clut  Necr/Erth      ########..   1%          5    N/A
m - Deflect Missiles      Chrm/Air       ######....   19%         6    N/A

Your spell library contained the following spells:

 Spells                   Type           Power        Failure   Level  Hunger
 Animate Skeleton         Necr           N/A          1%          1    N/A
 Beastly Appendage        Tmut           ######       1%          1    N/A
 Corona                   Hex            ######.      1%          1    N/A
 Flame Tongue             Conj/Fire      #####        1%          1    N/A
 Infusion                 Chrm           ####         1%          1    N/A
 Pain                     Necr           ####         1%          1    N/A
 Shock                    Conj/Air       ####         1%          1    N/A
 Sting                    Conj/Pois      ####         1%          1    N/A
 Corpse Rot               Necr           N/A          1%          2    N/A
 Passwall                 Tmut/Erth      #######.     1%          2    N/A
 Poisonous Vapours        Pois/Air       ######       1%          2    N/A
 Searing Ray              Conj           ######       1%          2    N/A
 Shroud of Golubria       Chrm/Tloc      ######....   1%          2    N/A
 Slow                     Hex            ######..     1%          2    N/A
 Song of Slaying          Chrm           ######..     1%          2    N/A
 Sticks to Snakes         Tmut           #######.     1%          2    N/A
 Swiftness                Chrm/Air       ######..     1%          2    N/A
 Throw Frost              Conj/Ice       ######       1%          2    N/A
 Dazzling Spray           Conj/Hex       ######       1%          3    N/A
 Gell's Gravitas          Tloc           ######....   1%          3    N/A
 Ignite Poison            Fire/Tmut/Pois #######.     1%          3    N/A
 Inner Flame              Hex/Fire       #######.     1%          3    N/A
 Lesser Beckoning         Tloc           ######....   1%          3    N/A
 Mephitic Cloud           Conj/Pois/Air  ######..     1%          3    N/A
 Ozocubu's Armour         Chrm/Ice       ######..     1%          3    N/A
 Portal Projectile        Hex/Tloc       ######       1%          3    N/A
 Spectral Weapon          Hex/Chrm       ######..     1%          3    N/A
 Spider Form              Tmut/Pois      ######....   1%          3    N/A
 Static Discharge         Conj/Air       #######.     1%          3    N/A
 Teleport Other           Tloc           ######..     1%          3    N/A
 Vampiric Draining        Necr           ########..   1%          3    N/A
 Animate Dead             Necr           N/A          1%          4    N/A
 Force Lance              Conj/Tloc      #######.     1%          4    N/A
 Fulminant Prism          Conj/Hex       #######...   1%          4    N/A
 Ice Form                 Ice/Tmut       ######..     1%          4    N/A
 Iskenderun's Mystic Bla  Conj           #######.     1%          4    N/A
 Leda's Liquefaction      Hex/Erth       ######....   1%          4    N/A
 Sticky Flame             Conj/Fire      ########     1%          4    N/A
 Throw Icicle             Conj/Ice       ######..     1%          4    N/A
 Agony                    Necr           ########     1%          5    N/A
 Blade Hands              Tmut           #######...   1%          5    N/A
 Bolt of Draining         Conj/Necr      ########..   1%          5    N/A
 Bolt of Magma            Conj/Fire/Erth #######...   1%          5    N/A
 Excruciating Wounds      Chrm/Necr      ########..   1%          5    N/A
 Fireball                 Conj/Fire      ########..   1%          5    N/A
 Irradiate                Conj/Tmut      #######...   1%          5    N/A
 Iskenderun's Battlesphe  Conj/Chrm      #######.     1%          5    N/A
 Lee's Rapid Deconstruct  Erth           #######...   1%          5    N/A
 Lightning Bolt           Conj/Air       #######...   1%          5    N/A
 Death Channel            Necr           ########..   1%          6    N/A
 Hydra Form               Tmut           #######...   1%          6    N/A
 Ensorcelled Hibernation  Hex/Ice        #####.       2%          2    N/A
 Confuse                  Hex            ######..     2%          3    N/A
 Tukima's Dance           Hex            ######..     2%          3    N/A
 Airstrike                Air            ######....   2%          4    N/A
 Yara's Violent Unravell  Hex/Tmut       #######...   2%          5    N/A
 Freeze                   Ice            ####         3%          1    N/A
 Summon Butterflies       Summ           ####....     3%          1    N/A
 Summon Small Mammal      Summ           ####         3%          1    N/A
 Venom Bolt               Conj/Pois      ######....   3%          5    N/A
 Statue Form              Tmut/Erth      #######..    3%          6    N/A
 Orb of Destruction       Conj           #######...   3%          7    N/A
 Call Imp                 Summ           ####....     4%          2    N/A
 Recall                   Summ/Tloc      N/A          4%          3    N/A
 Passage of Golubria      Tloc           N/A          5%          4    N/A
 Cause Fear               Hex            ######....   6%          4    N/A
 Ring of Flames           Chrm/Fire      #######...   6%          7    N/A
 Borgnjor's Revivificati  Necr           ########..   6%          8    N/A
 Infestation              Necr           ########..   6%          8    N/A
 Dragon Form              Tmut           #######...   7%          7    N/A
 Simulacrum               Ice/Necr       #######...   8%          6    N/A
 Call Canine Familiar     Summ           ####....     9%          3    N/A
 Silence                  Hex/Air        ######....   9%          5    N/A
 Bolt of Cold             Conj/Ice       ######....   14%         6    N/A
 Freezing Cloud           Conj/Ice/Air   ######....   17%         6    N/A
 Olgreb's Toxic Radiance  Pois           ####....     24%         4    N/A
 Summon Ice Beast         Ice/Summ       ####....     24%         4    N/A
 Summon Forest            Summ/Tloc      #####.....   26%         5    N/A
 Metabolic Englaciation   Hex/Ice        #####.....   30%         5    N/A
 Summon Mana Viper        Hex/Summ       #####...     30%         5    N/A
 Haunt                    Necr/Summ      #######...   34%         7    N/A
 Death's Door             Chrm/Necr      ########..   47%         8    N/A
 Aura of Abjuration       Summ           ####......   52%         5    N/A
 Summon Demon             Summ           ####......   52%         5    N/A
 Darkness                 Hex            ######....   56%         6    N/A
 Invisibility             Hex            ######..     56%         6    N/A
 Spellforged Servitor     Conj/Summ      ######....   56%         7    N/A
 Ozocubu's Refrigeration  Ice            ####......   96%         6    N/A
 Shadow Creatures         Summ           N/A          96%         6    N/A
 Malign Gateway           Summ/Tloc      #####.....   99%         7    N/A
 Monstrous Menagerie      Summ           ####......   100%        7    N/A
 Summon Greater Demon     Summ           ####......   100%        7    N/A
 Summon Hydra             Summ           ####......   100%        7    N/A
 Discord                  Hex            ######....   100%        8    N/A
 Summon Horrible Things   Summ           ####......   100%        8    N/A
 Dragon's Call            Summ           ####......   100%        9    N/A

Dungeon Overview and Level Annotations

Branches:
Dungeon (15/15)            Temple (0/1) D:4            Lair (6/6) D:11
  Swamp (4/4) Lair:4       Spider (4/4) Lair:3        Slime (5/5) Lair:5
    Orc (2/2) D:10            Elf (3/3) Orc:2        Vaults (5/5) D:13
  Crypt (3/3) Vaults:2       Tomb (0/3) Crypt:3      Depths (5/5) D:15
    Zot (5/5) Depths:5

Altars:
Ashenzari
Cheibriados
Dithmenos
Elyvilon
Fedhas
Hepliaklqana
Kikubaaqudgha
Makhleb
Sif Muna
Uskayaw
Vehumet
Wu Jian
Xom
Yredelemnul
Zin
The Shining One
Beogh
Lugonu

Shops:
D:6 =   D:8 !![}?   Orc:2 ((??   Elf:2 !   Vaults:1 :((*   Vaults:2 [
Vaults:4 (   Vaults:5 =   Depths:1 (   Depths:5 }}=

Portals:
Hell: Depths:1 Depths:2 Depths:3 Depths:4 Depths:5
Abyss: Depths:1 Depths:2 Depths:3 Depths:4
Pandemonium: Depths:2 Depths:3
Ziggurat: Depths:2

Annotations:
Lair:3 exclusion: 3 oklob plants
Lair:5 1 runed translucent door, conein's ghost, journeyman TeCj
Elf:1 3 runed translucent doors
Elf:2 3 runed translucent doors


Innate Abilities, Weirdness & Mutations

You have a pair of large horns on your head.
You are completely covered in rugged brown scales. (AC +3, +7% HP)
Your flesh is heat resistant. (rF+)
You can hurl damnation.
You frequently emit foul miasma when damaged in melee.
You are completely covered in sharp spines.
You are immune to rotting.
You are immune to clouds of flame.
You have sharp toenails.
You do not regenerate when monsters are visible.
Your spells are a little harder to cast, but a little more powerful.


Message History

Your redback closely misses Wiatepif.
The cacodemon barely misses your worker ant.
The cacodemon hits your worker ant!
Your worker ant bites the cacodemon but does no damage.
Wiatepif gestures.
Your redback bites Wiatepif but does no damage.
The cacodemon misses your redback.
The cacodemon barely misses your redback.
Unknown command.
Unknown command.
Unknown command.
Your worker ant barely misses the cacodemon.
Your redback closely misses Wiatepif.
Wiatepif hits your redback!!
Your redback dies!
Your redback's corpse disappears in a puff of smoke!
The cacodemon gestures at you.
Your worker ant seems to slow down.
The Tzitzimitl gestures at you.
You convulse!
You die...

# #))# #...##......###..##..##..
# #..# #..###......# #..##..##..
# #..###..# #......# #..##..##..
# #..##...# #......# #..##..##..
####....#..# #...&2.# #..##..##..
...........###....a.# #..##......
.............#..2.1.# #..........
.............#......# #..........
.#....###...##..L.).# #..........
#.#.(.# #....#......###..........
##.#..###..#.....................
##....##........................
##....#..[[)...................
#.......###...................
#.......# #.....###.###.###...
#.......# #.....#.#.#.#.#∩#...
#.......# #.....##'.#'#.'##...


You could see Wiatepif (unaware), a Tzitzimitl, 2 cacodemons and a friendly
worker ant.

Vanquished Creatures
  the Royal Jelly (Slime:5)
  5 ancient liches
  5 orbs of fire (Zot:5)
  2 juggernauts
  Margery (Depths:4)
  3 Killer Klowns
  9 caustic shrikes
  10 golden dragons
  Nikola (Depths:1)
  Jory (Vaults:2)
  A profane servitor (Crypt:3)
  A bone dragon (Crypt:3)
  Arachne (Spider:2)
  10 Tzitzimimeh (Pan)
  2 Brimstone Fiends (Pan)
  2 electric golems
  Rupert (Lair:3)
  A hellephant (Abyss:3)
  An Ice Fiend (Pan)
  19 tentacled monstrosities
  3 liches
  24 Orb Guardians (Zot:5)
  11 quicksilver dragons
  4 deep elf blademasters
  27 acid blobs
  5 titans
  7 ancient champions
  7 sphinxes
  12 death cobs
  Gastronok (D:8)
  2 thorn hunters (Swamp:4)
  Kirke (Elf:1)
  13 tengu reavers
  12 shadow dragons
  Donald (Spider:4)
  5 revenants
  13 azure jellies
  5 draconian monks
  18 storm dragons
  10 frost giants
  6 ghost moths
  8 fire giants
  11 vault wardens
  7 deep elf sorcerers
  3 iron dragons
  8 draconian knights
  A warmonger (Pan)
  4 draconian scorchers
  9 draconian shifters
  3 balrugs
  A deep elf elementalist (Elf:3)
  10 cacodemons (Pan)
  A reaper (Crypt:2)
  A corrupter (Pan)
  A black sun (Pan)
  17 ironheart preservers
  9 emperor scorpions
  3 ghouls
  6 draconian stormcallers
  8 very ugly things
  4 draconian annihilators
  10 vampire knights
  8 entropy weavers
  4 blood saints (Pan)
  2 spriggan defenders (Depths:3)
  17 stone giants
  Nessos (D:12)
  10 white draconians
  8 black draconians
  9 deep elf demonologists
  7 green draconians
  15 spark wasps
  5 dire elephants (Abyss:3)
  18 yellow draconians
  12 deep elf annihilators
  Azrael (Spider:1)
  7 purple draconians
  12 red draconians
  4 green deaths (Pan)
  13 ettins
  5 eidola
  6 death oozes
  13 jiangshi
  A quicksilver dragon zombie (Crypt:1)
  13 fire dragons
  5 deep elf death magi
  Josephine (Orc:1)
  11 deep elf high priests
  Erolcha (D:10)
  A monstrous demonspawn (Pan)
  11 yaktaur captains
  Harold (D:11)
  14 great orbs of eyes
  5 spriggan air magi
  8 rakshasas
  9 ice dragons
  35 vault guards
  9 centaur warriors
  2 shambling mangroves (Swamp:4)
  35 hydras
  A catoblepas (Lair:4)
  5 hell beasts (Pan)
  2 ghost crabs
  8 alligators
  6 deep troll shamans
  5 death knights
  7 vampire magi
  33 two-headed ogres
  7 spriggan berserkers
  7 deep troll earth magi
  An orc high priest (Elf:2)
  2 two-headed ogres (shapeshifter)
  11 ogre magi
  2 tengu warriors
  2 thrashing horrors (Abyss:3)
  14 dancing weapons
  20 deep elf knights
  Urug (Orc:1)
  131 slime creatures
  2 storm dragon zombies
  7 hell knights
  Sonja (Orc:2)
  2 iron trolls (Depths:2)
  5 sun demons
  19 soul eaters
  6 shadow wraiths
  43 skeletal warriors
  A wretched star (Abyss:3)
  A fire crab (Lair:5)
  2 golden dragon zombies
  12 sixfirhies (Pan)
  A spatial maelstrom (Abyss:3)
  4 unseen horrors
  A glowing orange brain (shapeshifter) (Elf:2)
  11 flayed ghosts
  A shadow demon (Pan)
  6 glowing orange brains
  An anaconda zombie (Crypt:2)
  2 unseen horrors (shapeshifter)
  A spriggan druid (Swamp:3)
  A cherub (Pan)
  18 deep trolls
  A spectral anaconda (Crypt:3)
  A gelid demonspawn (Pan)
  2 torturous demonspawn (Pan)
  19 swamp dragons
  2 infernal demonspawn (Pan)
  19 phantasmal warriors
  13 deep elf archers
  3 lindwurms (Swamp:4)
  Pikel (D:9)
  3 wizards
  9 harpies
  19 ironbrand convokers
  16 orc knights
  49 deep elf magi
  15 orb spiders
  A harpy (shapeshifter) (Depths:4)
  4 cyclopes
  6 shining eyes
  2 frost giant zombies
  34 wolf spiders
  5 necromancers
  28 ugly things
  A manticore (shapeshifter) (Depths:3)
  6 orc sorcerers
  2 salamanders (shapeshifter)
  3 manticores
  A salamander (Depths:5)
  27 moths of wrath
  A fire giant skeleton (Crypt:1)
  A stone giant skeleton (Depths:2)
  10 elephants
  An elephant (shapeshifter) (Vaults:5)
  12 large abominations
  A guardian serpent (shapeshifter) (Vaults:1)
  13 vault sentinels
  2 eyes of devastation (Slime:5)
  A water nymph (shapeshifter) (Vaults:5)
  5 black mambas
  2 ice statues (IceCv)
  10 orange demons
  A black mamba (shapeshifter) (Vaults:1)
  20 smoke demons
  2 gargoyles
  12 spiny frogs
  A spriggan skeleton (Depths:3)
  A spiny frog (shapeshifter) (Vaults:1)
  14 freezing wraiths
  A torpor snail (Lair:5)
  11 komodo dragons
  5 hellions
  28 yaktaurs
  6 kobold demonologists
  A rime drake (shapeshifter) (Depths:3)
  A black draconian skeleton (Crypt:2)
  13 ice devils (IceCv)
  3 hellwings
  12 demonic crawlers
  2 ancient zymes (Abyss:3)
  12 trolls
  A merfolk (shapeshifter) (Vaults:4)
  5 polar bears
  3 red devils
  3 tengu conjurers
  38 jumping spiders
  A spectral harpy (Crypt:3)
  A polar bear (shapeshifter) (Depths:4)
  3 meliai (D:14)
  2 meliai (shapeshifter)
  A troll (shapeshifter) (Elf:1)
  18 hornets
  Grinder (D:6)
  16 tyrant leeches
  A moth of wrath zombie (Crypt:2)
  A shadow dragon simulacrum (Crypt:3)
  Prince Ribbit (D:7)
  2 hydra skeletons (Crypt:2)
  A hornet (shapeshifter) (Depths:3)
  A raiju (shapeshifter) (Elf:1)
  26 blink frogs
  A harpy skeleton (Crypt:1)
  10 bog bodies
  10 hippogriffs
  A hippogriff (shapeshifter) (Vaults:5)
  8 dream sheep (Lair:6)
  A meliai zombie (Crypt:2)
  56 flying skulls
  3 raiju (Abyss:3)
  5 air elementals
  4 vampires (WizLab)
  17 spriggans
  An ettin skeleton (Crypt:1)
  A fire dragon skeleton (Crypt:1)
  57 yaks
  10 shadows
  8 ynoxinuls (Pan)
  74 redbacks
  27 tarantellas
  An alligator skeleton (Crypt:1)
  8 water elementals
  3 wyverns
  11 wraiths
  A yak (shapeshifter) (Vaults:5)
  6 fire bats (D:13)
  26 golden eyes
  2 hogs (Elf:1)
  A hog (shapeshifter) (Vaults:4)
  2 basilisks
  2 humans (shapeshifter)
  A hungry ghost (D:14)
  7 chaos spawn
  2 steam dragons
  A spatial vortex (Abyss:3)
  An elf simulacrum (Depths:3)
  7 fire elementals
  A yaktaur simulacrum (Vaults:1)
  19 vampire mosquitoes
  A golden eye (shapeshifter) (Elf:2)
  3 neqoxecs
  10 insubstantial wisps
  6 wargs
  A swamp worm (shapeshifter) (Vaults:4)
  An acid dragon (D:11)
  A torturous demonspawn zombie (Crypt:1)
  5 two-headed ogre zombies (WizLab)
  A merfolk zombie (Crypt:2)
  10 swamp worms
  5 porcupines
  4 hell hounds (Spider:1)
  A soldier ant (D:11)
  A floating eye (Depths:4)
  56 orc warriors
  14 water moccasins
  10 ice beasts
  12 swamp drakes
  A floating eye (shapeshifter) (Depths:3)
  4 sky beasts
  2 slaves (D:9)
  15 small abominations
  8 black bears
  A manticore zombie (Crypt:1)
  2 hornet zombies
  5 eyes of draining
  6 necrophages
  32 ogres
  A phantom (D:4)
  24 wolves
  8 boggarts
  34 centaurs
  10 crocodiles
  7 big kobolds
  21 bullfrogs
  An earth elemental (Elf:3)
  A komodo dragon skeleton (Crypt:2)
  A wyvern skeleton (D:14)
  2 scorpions
  A polar bear zombie (Crypt:2)
  9 troll zombies (WizLab)
  17 wights
  A snapping turtle simulacrum (Crypt:2)
  4 howler monkeys
  3 crimson imps
  2 bullfrog zombies
  3 centaur zombies
  7 jellies
  2 bullfrog skeletons
  20 orc priests
  6 hounds
  Crazy Yiuf (D:5)
  6 centaur skeletons
  3 iguanas
  16 worker ants
  28 orc wizards
  A deep dwarf zombie (Crypt:1)
  2 ogre zombies (WizLab)
  A hound skeleton (D:4)
  A howler monkey zombie (D:6)
  A worker ant zombie (D:10)
  11 gnolls
  10 adders
  4 shadow imps
  10 white imps
  3 ufetubi (IceCv)
  An ooze (D:3)
  2 adder skeletons
  An adder zombie (D:6)
  3 worms
  A dart slug (D:2)
  5 leopard geckos
  112 orcs
  A ball python (D:5)
  11 giant cockroaches
  4 goblins
  8 hobgoblins
  10 jackals
  33 kobolds
  2 quokkas
  A river rat zombie (Crypt:1)
  2 bats
  6 frilled lizards
  A gnoll skeleton (Crypt:2)
  A goblin skeleton (Crypt:1)
  A jackal skeleton (D:5)
  A leopard gecko skeleton (D:4)
  A leopard gecko zombie (D:5)
  A quokka skeleton (D:6)
  A quokka zombie (D:9)
  9 rats
  A river rat skeleton (Crypt:1)
  2 briar patches (Swamp:4)
  A fire vortex (Slime:1)
  A fungus (Lair:3)
  2 plants (Lair:6)
2887 creatures vanquished.

Vanquished Creatures (collateral kills)
  Saint Roka (Elf:2)
  A blizzard demon (Pan)
  A hellion (Pan)
  An earth elemental (Elf:2)
4 creatures vanquished.

Vanquished Creatures (others)
  A vault warden (Vaults:3)
  4 stone giants
  A red draconian (Zot:3)
  An ettin (Vaults:5)
  2 yaktaur captains (Depths:5)
  2 hell beasts (Pan)
  A centaur warrior (Vaults:1)
  An alligator (Swamp:2)
  A gelid demonspawn (Pan)
  A deep elf mage (Elf:2)
  9 yaktaurs
  A hornet (Swamp:4)
  A slime creature (Swamp:3)
  A water elemental (Elf:2)
  A chaos spawn (Pan)
  A human (Elf:1)
  A hungry ghost (D:9)
  A vampire mosquito (D:12)
  A warg (Vaults:2)
  A spatial vortex (Abyss:3)
  A slave (D:9)
  An ogre (Vaults:2)
  A quasit (Abyss:3)
  An orc priest (Elf:2)
  2 white imps (IceCv)
  3 ufetubi (IceCv)
  A ball lightning (Zot:5)
  A bush (D:7)
  108 fulminant prisms
  24 fungi
  17 plants
193 creatures vanquished.

Grand Total: 3084 creatures vanquished

Notes
Turn   | Place    | Note
-------+----------+-------------------------------------------
     0 | D:1      | Avack the Demonspawn Conjurer began the quest for the Orb.
     0 | D:1      | Reached XP level 1. HP: 13/13 MP: 3/3
   716 | D:1      | Gained mutation: You are partially covered in sharp spines.
                  | [demonic ancestry]
   716 | D:1      | Reached XP level 2. HP: 19/19 MP: 3/5
   721 | D:1      | Learned a level 2 spell: Searing Ray
  1343 | D:2      | Reached skill level 5 in Conjurations
  1343 | D:2      | Gained mutation: You are immune to rotting. [demonic
                  | ancestry]
  1343 | D:2      | Reached XP level 3. HP: 20/24 MP: 1/6
  1779 | D:2      | You fall into a shaft and drop 1 floor!
  1784 | D:3      | Found a shattered altar of Ashenzari.
  1875 | D:3      | Found a faded altar of an unknown god.
  1887 | D:3      | Became a worshipper of Dithmenos the Shadowed
  1887 | D:3      | Reached * piety under Dithmenos
  1914 | D:3      | Gained mutation: You may emit foul miasma when damaged in
                  | melee. [demonic ancestry]
  1914 | D:3      | Reached XP level 4. HP: 30/30 MP: 5/7
  2615 | D:3      | Found a deep blue altar of Sif Muna.
  3267 | D:3      | Reached XP level 5. HP: 31/35 MP: 3/8
  3562 | D:4      | Reached ** piety under Dithmenos
  3574 | D:4      | Learned a level 4 spell: Iskenderun's Mystic Blast
  3618 | D:4      | Found a staircase to the Ecumenical Temple.
  3635 | D:4      | Gained mutation: You have a pair of small horns on your
                  | head. [demonic ancestry]
  3635 | D:4      | Reached XP level 6. HP: 42/42 MP: 4/9
  3655 | D:4      | Found a white marble altar of Elyvilon.
  3660 | D:4      | Reached skill level 1 in Fighting
  4031 | D:4      | Found a shadowy altar of Dithmenos.
  4168 | D:4      | Reached XP level 7. HP: 40/50 MP: 1/10
  4527 | D:4      | Found a snail-covered altar of Cheibriados.
  4629 | D:5      | Entered Level 5 of the Dungeon
  4828 | D:5      | Found a runed translucent door.
  4829 | D:5      | Noticed Crazy Yiuf
  4838 | D:5      | Killed Crazy Yiuf
  4967 | D:5      | Found Kytsedeuxt's Food Emporium.
  5086 | D:5      | You fall into a shaft and drop 3 floors!
  5086 | D:8      | Found Ippaq's Distillery.
  5114 | D:6      | Reached *** piety under Dithmenos
  5655 | D:6      | Gained mutation: You have a pair of horns on your head.
                  | [demonic ancestry]
  5655 | D:6      | Reached XP level 8. HP: 41/60 MP: 1/11
  5831 | D:6      | Noticed Grinder
  5835 | D:6      | Paralysed by Grinder for 6 turns
  5844 | D:6      | Paralysed by Grinder for 4 turns
  6380 | D:6      | Found Fanouh's Jewellery Boutique.
  6412 | D:6      | Reached skill level 5 in Stealth
  6771 | D:6      | Reached skill level 5 in Fighting
  6771 | D:6      | Reached skill level 5 in Dodging
  7126 | D:6      | Killed Grinder
  7440 | D:7      | Noticed a hippogriff
  7446 | D:7      | Reached **** piety under Dithmenos
  7449 | D:7      | Killed a hippogriff
  7449 | D:7      | Reached XP level 9. HP: 59/69 MP: 3/12
  8094 | D:7      | Found a burning altar of Makhleb.
  8346 | D:7      | Noticed Prince Ribbit
  8352 | D:7      | Killed Prince Ribbit
  8501 | D:7      | Found a hide-covered altar of Uskayaw.
  8502 | D:7      | Found an ornate altar of the Wu Jian Council.
  8503 | D:7      | Found a blossoming altar of Fedhas.
  9372 | D:8      | Noticed Gastronok
  9540 | D:8      | Killed Gastronok
  9540 | D:8      | Reached XP level 10. HP: 41/82 MP: 0/13
  9686 | D:8      | Found Dabimmah's Distillery.
  9691 | D:8      | Found Tatinling's Antique Armour Emporium.
  9701 | D:8      | Bought a glowing hat for 203 gold pieces
  9733 | D:8      | Found a glowing silver altar of Zin.
  9733 | D:8      | Found a glowing golden altar of the Shining One.
  9750 | D:8      | Found a white marble altar of Elyvilon.
  9827 | D:8      | Learned a level 4 spell: Fulminant Prism
  9845 | D:8      | Reached skill level 1 in Hexes
 10007 | D:8      | Found Geim Ist's Gadget Shop.
 10008 | D:8      | Found Zuunoim's Magic Scroll Emporium.
 10043 | D:8      | Found a basalt altar of Yredelemnul.
 10325 | D:8      | Found a shimmering altar of Xom.
 10426 | D:9      | Learned a level 1 spell: Confusing Touch
 10428 | D:9      | Learned a level 1 spell: Apportation
 10499 | D:9      | Noticed Pikel
 10552 | D:9      | Killed Pikel
 10735 | D:9      | Noticed a two-headed ogre
 10841 | D:9      | Killed a two-headed ogre
 10988 | D:9      | Reached skill level 1 in Translocations
 11006 | D:9      | Reached ***** piety under Dithmenos
 11006 | D:9      | Reached XP level 11. HP: 78/87 MP: 1/14
 11223 | D:9      | Found a hazy altar of Hepliaklqana.
 11516 | D:10     | Entered Level 10 of the Dungeon
 11546 | D:10     | Reached skill level 1 in Invocations
 11821 | D:10     | Reached skill level 5 in Invocations
 11882 | D:10     | Noticed Erolcha
 11943 | D:10     | Killed Erolcha
 12285 | D:10     | Found a staircase to the Orcish Mines.
 13147 | D:11     | Reached skill level 1 in Evocations
 13389 | D:11     | Found a staircase to the Lair.
 13917 | D:11     | Noticed Harold
 14121 | Lair:1   | Entered Level 1 of the Lair of Beasts
 14125 | Lair:1   | Noticed a five-headed hydra
 14143 | Lair:1   | Noticed a seven-headed hydra
 14327 | Lair:1   | Noticed a six-headed hydra
 14473 | Lair:1   | Got a crude mace
 14488 | Lair:1   | Identified the +5 mace of Doom {venom, rC+ Str+4} (You
                  | found it on level 1 of the Lair of Beasts)
 14575 | Lair:1   | Reached skill level 5 in Evocations
 14624 | Lair:1   | Killed a seven-headed hydra
 14648 | Lair:1   | Reached XP level 12. HP: 28/94 MP: 1/19
 15302 | Lair:2   | Learned a level 4 spell: Force Lance
 16756 | Lair:3   | Found a hole to the Spider Nest.
 17121 | Lair:3   | Noticed Rupert
 17125 | Lair:3   | Identified a scroll of acquirement
 17145 | Lair:3   | Noticed an eight-headed hydra
 17160 | Lair:3   | Killed an eight-headed hydra
 17762 | Lair:3   | Reached skill level 10 in Fighting
 17838 | Lair:4   | Found a staircase to the Swamp.
 17879 | Lair:4   | Noticed a six-headed hydra
 18173 | Lair:4   | Killed a six-headed hydra
 18378 | Lair:4   | Reached ****** piety under Dithmenos
 18484 | Lair:4   | Noticed a catoblepas
 18498 | Lair:4   | Noticed an eight-headed hydra
 18500 | Lair:4   | Killed a catoblepas
 18500 | Lair:4   | Reached skill level 10 in Dodging
 18719 | Lair:4   | Killed an eight-headed hydra
 18719 | Lair:4   | Gained mutation: You have a pair of large horns on your
                  | head. [demonic ancestry]
 18719 | Lair:4   | Reached XP level 13. HP: 67/106 MP: 0/20
 19904 | Lair:5   | Found a runed translucent door.
 19904 | Lair:5   | Identified the +5 spear "Nubettos" {speed, Str+2 Dex+6}
 19908 | Lair:5   | Noticed conein's ghost (journeyman TeCj)
 20322 | Lair:5   | Found a staircase to the Slime Pits.
 20818 | Lair:6   | Entered Level 6 of the Lair of Beasts
 21902 | Lair:6   | Reached XP level 14. HP: 118/118 MP: 11/21
 21926 | Lair:6   | Reached skill level 10 in Stealth
 22743 | Lair:3   | Paralysed by Rupert for 3 turns
 22777 | Lair:3   | Paralysed by Rupert for 6 turns
 22785 | Lair:3   | Paralysed by Rupert for 3 turns
 22817 | Lair:3   | Paralysed by Rupert for 7 turns
 22831 | Lair:3   | Killed Rupert
 23224 | Orc:1    | Entered Level 1 of the Orcish Mines
 23616 | Orc:1    | Noticed Josephine
 23723 | Orc:1    | Killed Josephine
 24084 | Orc:1    | Paralysed by an orc sorcerer for 7 turns
 24113 | Orc:1    | Noticed Urug
 24156 | Orc:1    | HP: 2/121 [Urug/javelin (24)]
 24657 | Orc:1    | Killed Urug
 24977 | Orc:2    | Entered Level 2 of the Orcish Mines
 25044 | Orc:2    | Found a roughly hewn altar of Beogh.
 25075 | Orc:2    | Noticed Sonja
 25085 | Orc:2    | Killed Sonja
 25336 | Orc:2    | Found a staircase to the Elven Halls.
 26207 | Orc:2    | Found Ganubb's Magic Scroll Emporium.
 26207 | Orc:2    | Found Inny's Weapon Boutique.
 26207 | Orc:2    | Found Pablos's Antique Weapon Shop.
 26219 | Orc:2    | Found Qialic's Magic Scroll Shoppe.
 26693 | D:11     | Killed Harold
 26693 | D:11     | Reached skill level 10 in Conjurations
 27703 | D:12     | Noticed Nessos
 27724 | D:12     | Killed Nessos
 28250 | D:13     | Found a gate to the Vaults.
 28620 | D:13     | Gained mutation: You are partially covered in rugged brown
                  | scales. (AC +1, +3% HP) [demonic ancestry]
 28620 | D:13     | Reached XP level 15. HP: 119/130 MP: 22/22
 28902 | D:13     | Reached skill level 1 in Shields
 29400 | D:13     | Noticed a fire giant
 29411 | D:13     | Killed a fire giant
 30396 | D:14     | Reached skill level 15 in Fighting
 30736 | D:15     | Entered Level 15 of the Dungeon
 31073 | D:15     | Reached skill level 5 in Shields
 31404 | D:15     | Found a staircase to the Depths.
 31405 | D:15     | Noticed a fire giant
 31410 | D:15     | Killed a fire giant
 32091 | Swamp:1  | Entered Level 1 of the Swamp
 33479 | Swamp:1  | Got a slimy scimitar
 33480 | Swamp:1  | Identified the +7 scimitar "Mah Heiw" {antimagic, rC+
                  | Int+2} (You found it on level 1 of the Swamp)
 34117 | Swamp:1  | Gained mutation: You are mostly covered in sharp spines.
                  | [demonic ancestry]
 34117 | Swamp:1  | Reached XP level 16. HP: 111/142 MP: 5/23
 35240 | Swamp:2  | Found a frozen archway.
 35252 | IceCv    | Entered an ice cave
 35866 | IceCv    | Noticed an Ice Fiend
 35866 | IceCv    | Noticed an Ice Fiend
 37163 | IceCv    | Got an iridescent broad axe
 37636 | Swamp:2  | Identified the cursed +1 broad axe "Xoromi Qevei" {freeze,
                  | +Fly rN+++ MP-9 Dex+3} (You found it in an ice cave)
 38808 | Swamp:3  | Paralysed by an orc sorcerer for 3 turns
 38812 | Swamp:3  | Reached skill level 1 in Long Blades
 39953 | Spider:1 | Entered Level 1 of the Spider Nest
 40013 | Spider:1 | Noticed Azrael
 40059 | Spider:1 | Killed Azrael
 40636 | Spider:1 | Reached skill level 10 in Shields
 41773 | Spider:2 | Reached skill level 5 in Long Blades
 42004 | Spider:2 | Reached XP level 17. HP: 90/148 MP: 16/24
 42608 | Spider:2 | Learned a level 3 spell: Mephitic Cloud
 43554 | Spider:3 | Noticed Arachne
 43617 | Spider:2 | Killed Arachne
 44573 | Spider:4 | Entered Level 4 of the Spider Nest
 45052 | Spider:4 | Identified the +5 shield "Ecver" {rF+ rC++ Int+3}
 45052 | Spider:4 | Noticed Donald
 46252 | Spider:4 | Killed Donald
 47501 | Spider:4 | Got a gossamer rune of Zot
 47836 | Swamp:4  | Entered Level 4 of the Swamp
 48087 | Swamp:4  | Gained mutation: You frequently emit foul miasma when
                  | damaged in melee. [demonic ancestry]
 48087 | Swamp:4  | Reached XP level 18. HP: 136/155 MP: 16/25
 48232 | Swamp:4  | Got a decaying rune of Zot
 49184 | D:6      | Bought the ring of Birdsong {rN+ MR+ Dex+3} for 505 gold
                  | pieces
 49335 | Elf:1    | Entered Level 1 of the Elven Halls
 49361 | Elf:1    | Noticed Kirke
 49375 | Elf:1    | Killed Kirke
 49449 | Elf:1    | Identified Figewn's Almanac of the Entourage
 49619 | Elf:1    | Found the +15 Maxwell's patent armour {-Cast -Tele rElec
                  | MR+ rCorr}
 49801 | Elf:1    | Found a runed translucent door.
 49801 | Elf:1    | Found a runed translucent door.
 50051 | Elf:1    | Found a runed translucent door.
 50230 | Elf:1    | Reached skill level 15 in Shields
 50724 | Elf:1    | Identified the Handbook of Companions
 51297 | Elf:2    | Reached skill level 10 in Long Blades
 51436 | Elf:2    | Noticed Saint Roka
 51936 | Elf:2    | Killed Saint Roka
 51977 | Elf:2    | Found a magical portal.
 51986 | WizLab   | Entered Zonguldrok's Shrine
 52716 | WizLab   | Noticed an antique lich
 52752 | WizLab   | Found the +9 sword of Zonguldrok {reap}
 52993 | Elf:2    | Learned a level 6 spell: Bolt of Fire
 53122 | Elf:2    | Found Kuymuit's Distillery.
 53204 | Elf:2    | Reached skill level 1 in Fire Magic
 53213 | Elf:2    | Paralysed by a deep elf mage for 5 turns
 53266 | Elf:2    | Found a huge runed gate.
 53278 | Elf:2    | Found a huge runed gate.
 53278 | Elf:2    | Found a huge runed gate.
 53278 | Elf:2    | Found a huge runed gate.
 53280 | Elf:2    | Found a huge runed gate.
 53280 | Elf:2    | Found a huge runed gate.
 53280 | Elf:2    | Found a huge runed gate.
 53280 | Elf:2    | Found a huge runed gate.
 53285 | Elf:2    | Found a huge runed gate.
 53285 | Elf:2    | Found a huge runed gate.
 53346 | Elf:2    | Reached skill level 2 in Fire Magic
 53361 | Elf:2    | Found a huge runed gate.
 53361 | Elf:2    | Found a huge runed gate.
 53381 | Elf:2    | Found a huge runed gate.
 53490 | Elf:2    | Reached skill level 3 in Fire Magic
 53518 | Elf:2    | Learned a level 3 spell: Regeneration
 53579 | Elf:2    | Gained mutation: You are mostly covered in rugged brown
                  | scales. (AC +2, +5% HP) [demonic ancestry]
 53579 | Elf:2    | Reached XP level 19. HP: 155/164 MP: 17/26
 53702 | Elf:2    | Reached skill level 4 in Fire Magic
 53711 | Elf:2    | Reached skill level 5 in Spellcasting
 53871 | Elf:2    | Found a runed translucent gate.
 53871 | Elf:2    | Found a runed translucent gate.
 53871 | Elf:2    | Found a runed translucent gate.
 53918 | Elf:3    | Entered Level 3 of the Elven Halls
 54151 | Elf:3    | Found a radiant altar of Vehumet.
 54231 | Elf:3    | Reached skill level 5 in Fire Magic
 54329 | Elf:3    | Noticed a Tzitzimitl
 54461 | Elf:3    | Reached skill level 6 in Fire Magic
 55140 | Elf:3    | Reached skill level 7 in Fire Magic
 55324 | Elf:3    | Identified the cursed ring "Ikha" {+Fly rF- rC+++ Str-2
                  | Slay-4}
 55344 | Elf:3    | Reached skill level 1 in Necromancy
 55542 | Elf:3    | Reached skill level 8 in Fire Magic
 55755 | Elf:3    | Found the brooch of Shielding {Reflect SH+8}
 55804 | Elf:3    | Got a steaming jade ring
 55806 | Elf:3    | Identified the ring "Cuihiunn" {rPois rC+ Dex+3} (You found
                  | it on level 3 of the Elven Halls)
 55831 | Elf:3    | Identified the +3 ring mail of the Moon {Str+2 Stlth+} (You
                  | found it on level 3 of the Elven Halls)
 55922 | Elf:3    | Learned a level 2 spell: Blink
 56178 | Vaults:1 | Entered Level 1 of the Vaults
 56188 | D:13     | Learned a level 5 spell: Dispel Undead
 56226 | Vaults:1 | Reached skill level 9 in Fire Magic
 56445 | D:5      | Bought a ration for 55 gold pieces
 56445 | D:5      | Bought a ration for 55 gold pieces
 56445 | D:5      | Bought a ration for 55 gold pieces
 56445 | D:5      | Bought a ration for 55 gold pieces
 56445 | D:5      | Bought a ration for 55 gold pieces
 56445 | D:5      | Bought a ration for 55 gold pieces
 56445 | D:5      | Bought a ration for 55 gold pieces
 56445 | D:5      | Bought a ration for 55 gold pieces
 56445 | D:5      | Bought a ration for 55 gold pieces
 56445 | D:5      | Bought a ration for 55 gold pieces
 56445 | D:5      | Bought a ration for 55 gold pieces
 56445 | D:5      | Bought a ration for 55 gold pieces
 56445 | D:5      | Bought a ration for 55 gold pieces
 56445 | D:5      | Bought a ration for 55 gold pieces
 56624 | Vaults:1 | Found Nuraagg's Assorted Antiques.
 56694 | Vaults:1 | Got a shimmering bronze ring
 56695 | Vaults:1 | Identified the ring "Luaragih" {Fire rPois Str+2 Slay+2}
                  | (You found it on level 1 of the Vaults)
 56861 | Vaults:1 | Found Ekenneja's Antique Weapon Boutique.
 56968 | Vaults:1 | Found Baseotwa's Antique Weapon Shop.
 57116 | Vaults:1 | Found Konoteci's Book Boutique.
 57125 | Vaults:1 | Bought a book of Power for 765 gold pieces
 57221 | Vaults:1 | Reached skill level 10 in Fire Magic
 58035 | Vaults:1 | Reached skill level 11 in Fire Magic
 58100 | Vaults:2 | Found Unlaer's Armour Shop.
 58211 | Vaults:2 | Paralysed by an ogre mage for 3 turns
 58218 | Vaults:2 | Reached skill level 5 in Necromancy
 58227 | Vaults:2 | Noticed Jory
 58258 | Vaults:2 | Gained mutation: You are completely covered in sharp
                  | spines. [demonic ancestry]
 58258 | Vaults:2 | Reached XP level 20. HP: 51/172 MP: 2/29
 58271 | Vaults:2 | HP: 8/172 [Jory/+6 great sword (31)]
 58273 | Vaults:2 | Killed Jory
 58728 | Vaults:2 | Paralysed by an orc sorcerer for 4 turns
 58735 | Vaults:2 | Reached skill level 12 in Fire Magic
 59083 | Vaults:2 | Found a staircase to the Crypt.
 59528 | Vaults:2 | Reached skill level 13 in Fire Magic
 60303 | Vaults:2 | Learned a level 8 spell: Ignition
 60768 | Vaults:3 | Reached skill level 14 in Fire Magic
 61828 | Vaults:3 | Reached skill level 15 in Fire Magic
 62878 | Vaults:4 | Gained mutation: You are completely covered in rugged brown
                  | scales. (AC +3, +7% HP) [demonic ancestry]
 62878 | Vaults:4 | Reached XP level 21. HP: 172/182 MP: 32/32
 63336 | Vaults:4 | Reached skill level 16 in Fire Magic
 63616 | Vaults:4 | Found Bethizipn's Antique Weapon Emporium.
 64341 | Vaults:5 | Entered Level 5 of the Vaults
 64390 | Vaults:5 | Reached skill level 17 in Fire Magic
 65225 | Vaults:5 | Identified the ring "Baiqopt" {rPois rC- rN++ EV+3 Int-5}
 65680 | Vaults:5 | Identified the ring of Geirur {rF+ MR- Str+7 Slay+6 SInv}
 65689 | Vaults:5 | Reached skill level 18 in Fire Magic
 65963 | Vaults:5 | Got a silver rune of Zot
 66303 | Vaults:5 | Identified the +9 rapier of the Volcano {pain, rElec}
 66334 | Vaults:5 | Reached XP level 22. HP: 163/190 MP: 20/33
 66508 | Vaults:5 | Noticed an ancient lich
 66533 | Vaults:5 | Killed an ancient lich
 66533 | Vaults:5 | Reached skill level 19 in Fire Magic
 66703 | Vaults:5 | Found Maqan's Jewellery Shop.
 67044 | Vaults:5 | Paralysed by a sphinx for 5 turns
 67047 | Vaults:5 | Reached skill level 1 in Armour
 67218 | Vaults:5 | Identified the +2 robe of Sloth {rElec}
 67814 | Vaults:5 | Upgraded the game from 0.24-a0-378-g94936e539c to
                  | 0.24-a0-381-g637bb3806f
 68032 | Depths:1 | Entered Level 1 of the Depths
 68206 | Depths:1 | Reached skill level 5 in Armour
 68330 | Depths:1 | Found Yneogg's Food Emporium.
 68330 | Depths:1 | Found Diuqaogh's Antique Weapon Shoppe.
 68521 | Depths:1 | Noticed Nikola
 68530 | Depths:1 | Killed Nikola
 68741 | Depths:1 | Found a gateway to Hell.
 68876 | Depths:1 | Found a one-way gate to the infinite horrors of the Abyss.
 69196 | Depths:2 | Learned a level 6 spell: Iron Shot
 69442 | Depths:2 | Found a gateway to a ziggurat.
 69452 | Depths:2 | Found a one-way gate leading to the halls of Pandemonium.
 69470 | Depths:2 | Reached skill level 1 in Earth Magic
 69866 | Depths:2 | Found a corrupted altar of Lugonu.
 70526 | Depths:3 | Noticed a caustic shrike
 70527 | Depths:3 | Noticed a caustic shrike
 70529 | Depths:3 | Reached XP level 23. HP: 196/196 MP: 13/35
 70529 | Depths:3 | Noticed a caustic shrike
 70536 | Depths:3 | Killed a caustic shrike
 70536 | Depths:3 | Killed a caustic shrike
 70537 | Depths:3 | Killed a caustic shrike
 70537 | Depths:3 | Reached skill level 5 in Earth Magic
 70618 | Depths:3 | Identified the ring "Sieggaz" {rF++ AC+3} (You found it on
                  | level 3 of the Depths)
 70727 | Depths:3 | Learned a level 2 spell: Sublimation of Blood
 71362 | Depths:3 | Reached skill level 10 in Spellcasting
 71850 | Depths:4 | Found a flickering gateway to a bazaar.
 71857 | Bazaar   | Entered a bazaar
 71876 | Bazaar   | Found Lunuqig's Food Emporium.
 71887 | Bazaar   | Found Utuethiho's Gadget Emporium.
 71932 | Bazaar   | Found Xanaaheh's Magic Scroll Shoppe.
 71956 | Bazaar   | Found Teulacal's Antique Weapon Emporium.
 71976 | Bazaar   | Found Uhuveiw's Jewellery Shoppe.
 72038 | Depths:4 | Identified Okazxel's Magic in Simple Steps
 72206 | Depths:4 | Noticed an ancient lich
 72282 | Depths:4 | Killed an ancient lich
 72282 | Depths:4 | Reached skill level 10 in Evocations
 72304 | Depths:4 | Noticed a juggernaut
 72308 | Depths:4 | Paralysed by a sphinx for 4 turns
 72575 | Depths:4 | Killed a juggernaut
 72695 | Depths:4 | Reached skill level 1 in Charms
 72887 | Depths:4 | Noticed Margery
 72918 | Depths:4 | Killed Margery
 73457 | Depths:4 | Reached XP level 24. HP: 204/204 MP: 37/37
 73729 | Depths:5 | Entered Level 5 of the Depths
 74157 | Slime:1  | Entered Level 1 of the Pits of Slime
 75864 | Slime:5  | Entered Level 5 of the Pits of Slime
 76126 | Slime:5  | Reached skill level 15 in Conjurations
 76131 | Slime:5  | Noticed the Royal Jelly
 76959 | Slime:5  | Killed the Royal Jelly
 76969 | Slime:5  | Gained mutation: You are weak. (Str -2) [a shining eye]
 76971 | Slime:5  | Reached skill level 10 in Earth Magic
 76997 | Slime:5  | Gained mutation: Your spells are a little harder to cast,
                  | but a little more powerful. [a shining eye]
 77160 | Slime:5  | Got a slimy rune of Zot
 77272 | Slime:5  | Identified the +5 executioner's axe of Keucag {distort, rN+
                  | Dex+4} (You found it on level 5 of the Pits of Slime)
 77569 | Depths:1 | Voluntarily entered the Abyss.
 77588 | Abyss:1  | Found a corrupted altar of Lugonu.
 77898 | Abyss:3  | Found a corrupted altar of Lugonu.
 77900 | Abyss:3  | Got an abyssal rune of Zot
 78146 | Abyss:3  | Identified the +2 scale mail of Pragmatism {rElec MP+9
                  | Int+3 SInv}
 78183 | Depths:1 | Escaped the Abyss
 78361 | Depths:5 | Gained mutation: Your flesh is heat resistant. (rF+)
                  | [demonic ancestry]
 78361 | Depths:5 | Reached XP level 25. HP: 204/210 MP: 12/37
 78637 | Depths:5 | Found a hide-covered altar of Uskayaw.
 79053 | Depths:5 | Found Zadokhlosa's Jewellery Shoppe.
 79054 | Depths:5 | Found Onnos's Gadget Boutique.
 79054 | Depths:5 | Found Luejarig's Gadget Boutique.
 79073 | Depths:5 | Bought a sack of spiders for 380 gold pieces
 79130 | Depths:5 | Found a gate to the Realm of Zot.
 79232 | Depths:5 | Noticed a juggernaut
 79510 | Depths:5 | Killed a juggernaut
 79663 | Depths:5 | Found an ancient bone altar of Kikubaaqudgha.
 79752 | Zot:1    | Entered Level 1 of the Realm of Zot
 80170 | Crypt:1  | Entered Level 1 of the Crypt
 80197 | Crypt:1  | Reached skill level 20 in Fire Magic
 81770 | Crypt:2  | Reached skill level 21 in Fire Magic
 81782 | Crypt:2  | Learned a level 5 spell: Borgnjor's Vile Clutch
 82167 | Crypt:3  | Entered Level 3 of the Crypt
 82275 | Crypt:3  | Found an ancient bone altar of Kikubaaqudgha.
 82612 | Crypt:3  | Got a shimmering platinum amulet
 82613 | Crypt:3  | Identified the amulet "Jycaleg" {Regen+ Dex+2} (You found
                  | it on level 3 of the Crypt)
 82614 | Crypt:3  | Identified the ring "Evuh" {rN+ MR+ Str+4 Dex+4} (You found
                  | it on level 3 of the Crypt)
 82615 | Crypt:3  | Identified the ring "Xeoprour" {rC+ rN+} (You found it on
                  | level 3 of the Crypt)
 82723 | Crypt:3  | Gained mutation: You are immune to clouds of flame.
                  | [demonic ancestry]
 82723 | Crypt:3  | Reached XP level 26. HP: 193/220 MP: 4/39
 83174 | Crypt:3  | Found a staircase to the Tomb.
 83174 | Crypt:3  | Noticed an ancient lich
 83193 | Crypt:3  | Killed an ancient lich
 83240 | Crypt:3  | Identified the Volume of the Elephant
 84050 | D:8      | Bought a scroll of enchant weapon for 82 gold pieces
 84050 | D:8      | Bought a scroll of amnesia for 38 gold pieces
 84050 | D:8      | Bought a scroll of enchant weapon for 82 gold pieces
 84060 | D:8      | Learned a level 8 spell: Necromutation
 84253 | Depths:1 | Bought a ration for 70 gold pieces
 84253 | Depths:1 | Bought a ration for 70 gold pieces
 84253 | Depths:1 | Bought a ration for 70 gold pieces
 84253 | Depths:1 | Bought a ration for 70 gold pieces
 84253 | Depths:1 | Bought a ration for 70 gold pieces
 84253 | Depths:1 | Bought a ration for 70 gold pieces
 84253 | Depths:1 | Bought a ration for 70 gold pieces
 84253 | Depths:1 | Bought a ration for 70 gold pieces
 84429 | Zot:1    | Reached skill level 1 in Transmutations
 85230 | Zot:1    | Reached skill level 10 in Necromancy
 85290 | Zot:2    | Reached skill level 5 in Transmutations
 86674 | Zot:3    | Gained mutation: You can hurl damnation. [demonic ancestry]
 86674 | Zot:3    | Reached XP level 27. HP: 190/226 MP: 14/40
 86950 | Zot:3    | Reached skill level 10 in Transmutations
 87649 | Zot:4    | Reached skill level 15 in Necromancy
 88889 | Zot:5    | Entered Level 5 of the Realm of Zot
 89234 | Zot:5    | Noticed an ancient lich
 89282 | Zot:5    | Killed an ancient lich
 89559 | Zot:5    | Noticed an ancient lich
 89563 | Zot:5    | Killed an ancient lich
 89596 | Zot:5    | Noticed an orb of fire
 89619 | Zot:5    | Killed an orb of fire
 89688 | Zot:5    | Noticed an orb of fire
 89711 | Zot:5    | Killed an orb of fire
 89929 | Zot:5    | Noticed an orb of fire
 89943 | Zot:5    | Killed an orb of fire
 90063 | Zot:5    | Gained mutation: You tend to lose your temper in combat.
                  | [mutagenic glow]
 90287 | Zot:5    | Lost mutation: You are weak. (Str -2) [potion of mutation]
 90287 | Zot:5    | Lost mutation: You tend to lose your temper in combat.
                  | [potion of mutation]
 90287 | Zot:5    | Gained mutation: You have sharp toenails. [potion of
                  | mutation]
 90287 | Zot:5    | Gained mutation: You are clumsy. (Dex -2) [potion of
                  | mutation]
 90287 | Zot:5    | Lost mutation: You are clumsy. (Dex -2) [potion of
                  | mutation]
 90533 | Zot:5    | Noticed an orb of fire
 90535 | Zot:5    | Noticed an orb of fire
 90535 | Zot:5    | Noticed an orb of fire
 90549 | Zot:5    | Killed an orb of fire
 90570 | Zot:5    | Noticed an orb of fire
 90575 | Zot:5    | Noticed an ancient lich
 90577 | Zot:5    | Noticed an orb of fire
 90586 | Zot:5    | Noticed an orb of fire
 90712 | Zot:5    | Killed an orb of fire
 90730 | Zot:5    | Noticed an orb of fire
 90762 | Zot:5    | HP: 11/226 [orb of fire/bolt of fire (3)]
 91320 | Pan      | Entered Pandemonium
 92058 | Pan      | Noticed Wiatepif the pandemonium lord
 92173 | Pan      | Learned a level 6 spell: Deflect Missiles
 92309 | Pan      | Reached skill level 1 in Air Magic
 92739 | Pan      | Reached skill level 5 in Charms
 93276 | Pan      | Reached skill level 5 in Air Magic
 94363 | Pan      | Gained mutation: You do not regenerate when monsters are
                  | visible. [a cacodemon]
 94448 | Pan      | Killed from afar by a Tzitzimitl

Levels and vault maps discovered:
D:1:      shiori_arrival_elements, layout_rooms
D:2:      layout_rooms, first_ration
D:3:      kb_forest_paths, layout_basic, old_standard_altar,
          chequers_ecumenical_altar_simple, chequers_avenue,
          evilmike_ruin_ashenzari
D:4:      layout_loops_ring, kennysheep_mini, grunt_dithmenos_shadows,
          minmay_temple_entry_gardened_gates, elyvilon_altar_5
D:5:      layout_rooms, serial_shops, kennysheep_little_box, serial_curves,
          eino_curves_03, eino_curves_02, uniq_crazy_yiuf_cottage
D:6:      layout_rooms, serial_shops, shop, uniq_grinder
D:7:      layout_basic, gammafunk_temple_overflow_forgotten, lemuel_round_altar,
          uniq_prince_ribbit1
D:8:      layout_rooms, good_gods_temple_1, lemuel_round_altar,
          kennysheep_mini_moat, serial_shops, shop, shop,
          nicolae_shop_statue_plus, nicolae_shop_competitors_out_of_business,
          shop, uniq_gastronok
D:9:      kennysheep_orc_sif_temple, layout_basic, lemuel_crystal_altar,
          uniq_pikel
D:10:     layout_long_grid, orc_0_dummy, uniq_erolcha
D:11:     layout_loops_corners, grunt_lair_entry_orc_guard_hut, uniq_harold
D:12:     layout_loops_cross, uniq_nessos
D:13:     minmay_firetagon, layout_basic, lightli_vaults_fourway_checkpoint
D:14:     layout_loops_ring, hangedman_abyss_or_decor_clamps
D:15:     grunt_enter_depths_giant_problem, layout_basic, grunt_decor_arrowhead
Lair:1:   layout_chaotic_city
Lair:2:   layout_small_grid
Lair:3:   layout_hall_layers, dummy_spider_entry, guppyfry_lair_drakes,
          minmay_lair_oklob_chamber, infiniplex_staircase_pool,
          lemuel_fruit_tree, serial_bayou_shore_b, uniq_rupert
Lair:4:   layout_regular_city, swamp_mist, st_stairs_4
Lair:5:   layout_cave_pods, dpeg_slime_entry_corner,
          ebering_ghost_funeral_grove, lightli_volcano_entry_magma_tube,
          grunt_megastairs_4
Lair:6:   minmay_lair_end_enchanted_forest, layout_long_grid,
          serial_bayou_shore_a
Swamp:1:  layout_falls_marsh, evilmike_swamp_ruin_house_5, st_swamp_ruins_4
Swamp:2:  layout_falls_marsh, portal_ice_cave_entry_dragon,
          evilmike_swamp_ruin_house_1, swamp_pool1, infiniplex_staircase_pool_2
Swamp:3:  layout_basic_swamp, hangedman_swamp_blocks, grunt_hermit_hut
Swamp:4:  swamp_alternative, layout_basic_swamp
Spider:1: layout_spider_delve, uniq_azrael
Spider:2: layout_spider_delve, drop_trap, nicolae_spider_webs_and_nodes
Spider:3: layout_spider_delve, drop_trap, hangedman_spider_tarantella_strand,
          uniq_arachne
Spider:4: guppyfry_spider_rune, uniq_donald
Slime:1:  layout_caves
Slime:2:  layout_caves, cheibrodos_slime_lost_civilization_6, uniq_dissolution
Slime:3:  cheibrodos_slime_lost_civilization_10, layout_caves
Slime:4:  layout_caves
Slime:5
Orc:1:    layout_diamond_mine, uniq_urug, uniq_josephine
Orc:2:    st_orc_rangers, layout_diamond_mine, basic_altar, uniq_sonja
Elf:1:    minmay_the_grid_triangle_9x9_recursive_3_mashed
          [minmay_the_grid_triangle_9x9_checkered,
          minmay_the_grid_triangle_9x9_warning,
          minmay_the_grid_triangle_9x9_corrupted_corridor,
          minmay_the_grid_triangle_9x9_prize_schism,
          minmay_the_grid_triangle_9x9_limited_checkers,
          minmay_the_grid_triangle_9x9_empty,
          minmay_the_grid_triangle_9x9_negative_grid,
          minmay_the_grid_triangle_9x9_fully_insulated_deathbox,
          minmay_the_grid_triangle_9x9_pentomino_pain], layout_gridlike,
          minmay_elf_demonology, uniq_kirke
Elf:2:    layout_loops_cross, serial_shops, nicolae_shop_trees,
          mu_enter_wizlab_5, door_vault, uniq_saint_roka
Elf:3:    minmay_elf_hall_dome, layout_geoelf_grid, basic_altar
Vaults:1: ontoclasm_vaults_tryst, hangedman_vaults_pinch, v_misc_4,
          hangedman_vaults_hat, ontoclasm_vaults_ring_large,
          vaults_room_door_hall, grunt_vaults_swirl, nicolae_vaults_what_the_h,
          ontoclasm_vaults_gateway, st_cross, layout_vaults_ring, serial_shops,
          nicolae_shop_behind_doors, nicolae_shop_waterfront, shop, shop
Vaults:2: minmay_crypt_entry_simple_sparse, v_alt_pattern_2,
          hangedman_vaults_stagger, nicolae_vaults_little_ls, v_pattern_2,
          vaults_room_door_hall, v_misc_1, hangedman_vaults_slither,
          vaults_dpeg_doors, layout_vaults_omnibox, serial_shops, shop,
          uniq_jory
Vaults:3: grunt_vaults_diagonal, vaults_room_door_hall, layout_vaults_omnigrid
Vaults:4: vaults_dpeg_hooks, ontoclasm_vaults_spin, v_rooms_1, v_misc_2,
          nicolae_vaults_triangles, v_misc_2, hangedman_vaults_corner,
          nicolae_vaults_circle_grid_b, grunt_vaults_hallway_short,
          ontoclasm_vaults_decontamination, layout_vaults_big_room,
          serial_shops, shop
Vaults:5
Crypt:1:  layout_catacombs, minmay_misc_feat_five, minivault_25,
          corexii_leaking_fountain, grunt_crypt_arrival_webbed
Crypt:2:  layout_regular_city, feat_on_display, roderic_lattice_octagonal_star
Crypt:3:  grunt_crypt_end_deaths_head
Depths:1: layout_cave_pools, grunt_hell_entry_dis_old, minmay_room_of_horrors,
          kennysheep_decorative_pillar, due_unseen_surprise, minmay_shoptagon,
          uniq_nikola
Depths:2: minmay_shrinking_squares, layout_basic, enter_ziggurat_a,
          abyss_entry_flame_altar, pan_entry, serial_sigils_hangedman_etch,
          hell_entry, minmay_staircase_statues
Depths:3: grunt_runaround [grunt_runaround_doors_1, grunt_runaround_doors_2,
          grunt_runaround_doors_3, grunt_runaround_doors_4,
          grunt_runaround_loot], abyss_entry, pan_entry, hell_entry
Depths:4: hangedman_cross_cluster, layout_honeycomb, serial_shops,
          bzr_entry_water, lightli_too_deep, minmay_staircase_bubble,
          abyss_entry, hangedman_corner_corridor, uniq_margery
Depths:5: evilmike_zot_entry_basic, layout_cave_pools, skrybe_limestone_x,
          hellmouth_1, drop_trap, hangedman_feature_mirror, minmay_shop_grove
Zot:1:    layout_twisted_circle
Zot:2:    layout_basic
Zot:3:    kennysheep_six_static_rooms, layout_misc_corridors, zot_minivault_4
Zot:4:    layout_cathedral_of_symmetry, grunt_ministairs_9
Zot:5:    layout_misc_corridors, grunt_ministairs_2, st_stairs_13
Pan:      evilmike_mini_pan_3x3, layout_long_grid, special_room
          [special_room_demon_pit], nicolae_pan_strange_glyphs
          [nicolae_pan_strange_glyph_humiliation,
          nicolae_pan_strange_glyph_melancholia,
          nicolae_pan_strange_glyph_contempt, nicolae_pan_strange_glyph_fear]

Skill      XL: |  1  2  3  4  5  6  7  8  9 10 11 12 13 14 15 16 17 18 19 20 21 22 23 24 25 26 27 |
---------------+----------------------------------------------------------------------------------+-----
Conjurations   | 5 6 7 9 11 12 13 15 | 15.9
Dodging        | 2 4 5 8 10 11 12 13 14 | 14.0
Stealth        | 2 3 4 5 7 8 9 11 | 11.0
Fighting       | 2 3 5 8 11 13 14 15 16 | 16.4
Hexes          | 3 |  3.8
Translocations | 1 3 4 |  4.2
Invocations    | 9 |  9.7
Evocations     | 6 9 11 | 11.9
Spellcasting   | 3 4 6 7 8 10 12 13 14 | 14.2
Shields        | 6 10 13 15 | 15.0
Long Blades    | 5 8 11 12 13 14 | 14.0
Fire Magic     | 3 11 15 18 19 21 | 21.0
Necromancy     | 5 6 8 12 19 | 19.3
Armour         | 7 8 |  8.0
Earth Magic    | 4 6 10 | 10.3
Charms         | 2 7 |  7.8
Transmutations | 8 14 | 14.0
Air Magic      | 6 |  6.7

Action                   |  1- 3 |  4- 6 |  7- 9 | 10-12 | 13-15 | 16-18 | 19-21 | 22-24 | 25-27 || total
-------------------------+-------+-------+-------+-------+-------+-------+-------+-------+-------++-------
Melee: Dagger            |    33 |       |       |       |       |       |       |       |       ||    33
       Quarterstaff      |     5 |    33 |   133 |   321 |   778 |   108 |       |       |       ||  1378
       Headbutt          |       |     5 |    20 |    58 |   166 |   328 |   300 |   301 |   445 ||  1623
       Mace              |       |       |       |    11 |       |       |       |       |       ||    11
       Great mace        |       |       |       |       |    19 |       |       |       |       ||    19
       Demon blade       |       |       |       |       |       |  1048 |  1057 |   844 |  1523 ||  4472
       Staff             |       |       |       |       |       |    40 |    62 |    34 |    46 ||   182
Throw: Dart              |     1 |     9 |    12 |    10 |    10 |       |       |     1 |     2 ||    45
       Javelin           |       |       |       |     6 |     6 |    20 |     3 |       |       ||    35
       Boomerang         |       |       |       |       |     2 |       |       |       |       ||     2
 Cast: Magic Dart        |    50 |    33 |    40 |    48 |   242 |   239 |    21 |    26 |    10 ||   709
       Searing Ray       |     5 |    17 |    41 |    31 |    23 |     2 |     4 |       |       ||   123
       Iskenderun's Myst |       |       |     8 |    11 |   173 |   480 |   239 |    22 |       ||   933
       Fulminant Prism   |       |       |       |    48 |    51 |     9 |       |       |       ||   108
       Confusing Touch   |       |       |       |     3 |       |     5 |       |       |       ||     8
       Force Lance       |       |       |       |     8 |    15 |     3 |       |       |       ||    26
       Apportation       |       |       |       |     2 |     1 |     4 |       |    13 |     3 ||    23
       Mephitic Cloud    |       |       |       |       |       |     4 |     1 |       |       ||     5
       Bolt of Fire      |       |       |       |       |       |       |    90 |   123 |   115 ||   328
       Dispel Undead     |       |       |       |       |       |       |     6 |     9 |    22 ||    37
       Blink             |       |       |       |       |       |       |     1 |     1 |       ||     2
       Ignition          |       |       |       |       |       |       |     4 |    49 |    58 ||   111
       Iron Shot         |       |       |       |       |       |       |       |    65 |   246 ||   311
       Sublimation of Bl |       |       |       |       |       |       |       |    76 |    53 ||   129
       Regeneration      |       |       |       |       |       |       |       |    20 |    38 ||    58
       Borgnjor's Vile C |       |       |       |       |       |       |       |       |    13 ||    13
       Necromutation     |       |       |       |       |       |       |       |       |    27 ||    27
Invok: Shadow Step       |       |       |       |     1 |       |       |       |       |       ||     1
       Shadow Form       |       |       |       |       |       |       |       |       |     1 ||     1
 Abil: Evoke Invisibilit |       |       |       |       |     1 |     1 |       |       |     1 ||     3
       Stop Flying       |       |       |       |       |       |       |     1 |       |       ||     1
       Evoke Flight      |       |       |       |       |       |       |       |     1 |       ||     1
       End Transformatio |       |       |       |       |       |       |       |       |     2 ||     2
       Hurl Damnation    |       |       |       |       |       |       |       |       |     1 ||     1
Evoke: Wand              |       |       |     4 |     2 |     2 |    19 |     5 |       |     5 ||    37
       Sack of spiders   |       |       |       |       |       |     5 |       |       |     3 ||     8
       Lamp of fire      |       |       |       |       |       |       |     2 |       |       ||     2
       Staff of energy   |       |       |       |       |       |       |       |    24 |   347 ||   371
  Use: Scroll            |       |    12 |     3 |    12 |    17 |    17 |    13 |    18 |    19 ||   111
       Potion            |       |       |       |       |     2 |     5 |     9 |     6 |     4 ||    26
 Stab: Sleeping          |       |       |     7 |     6 |    19 |    21 |    17 |    12 |    29 ||   111
       Paralysed         |       |       |     2 |     1 |       |     5 |       |       |       ||     8
       Distracted        |       |       |       |       |     3 |     5 |     1 |     3 |     5 ||    17
       Invisible         |       |       |       |       |       |     4 |       |       |     1 ||     5
       Confused          |       |       |       |       |       |     6 |       |       |       ||     6
  Eat: Chunk             |     4 |     9 |    15 |    21 |    61 |    59 |    76 |    55 |    53 ||   353
       Ration            |       |       |     2 |     7 |    11 |    27 |     7 |    23 |    19 ||    96
Armor: Robe              |    12 |     7 |    37 |    23 |       |       |       |       |       ||    79
       Steam dragon scal |       |       |       |    97 |   250 |   173 |    73 |    13 |       ||   606
       Swamp dragon scal |       |       |       |       |     6 |   176 |       |       |       ||   182
       Quicksilver drago |       |       |       |       |       |       |       |   114 |   214 ||   328
Dodge: Dodged            |    22 |    40 |   174 |   646 |  1563 |  1657 |   452 |   195 |   466 ||  5215
Block: Buckler           |       |       |       |       |       |    99 |       |       |       ||    99
       Shield            |       |       |       |       |       |  1121 |  1128 |   818 |  1403 ||  4470
       Reflection        |       |       |       |       |       |       |    96 |    26 |    22 ||   144
       Rpst.: Demon blade |       |       |       |       |       |   175 |    51 |    27 |    57 ||   310

Table legend:
 A = Non-vault XP
 B = Vault XP
 C = Vault XP percentage of total XP
 D = Non-vault monster count
 E = Vault monster count
 F = Vault count percentage of total count
                 A         B        C        D         E       F
            +---------+---------+-------+---------+---------+-------
      Total | 1008866 |  891595 |  46.9 |    1941 |     947 |  32.8
            +---------+---------+-------+---------+---------+-------
        D:1 |      24 |       0 |   0.0 |      13 |       0 |   0.0
        D:2 |      72 |       0 |   0.0 |      19 |       0 |   0.0
        D:3 |     138 |      29 |  17.4 |      23 |       6 |  20.7
        D:4 |     408 |     115 |  22.0 |      24 |       1 |   4.0
        D:5 |     619 |      39 |   5.9 |      31 |       1 |   3.1
        D:6 |    1080 |     286 |  20.9 |      34 |       1 |   2.9
        D:7 |    1527 |     207 |  11.9 |      32 |       1 |   3.0
        D:8 |    1416 |    1912 |  57.5 |      20 |       1 |   4.8
        D:9 |    3148 |     663 |  17.4 |      26 |       1 |   3.7
       D:10 |    2451 |    1391 |  36.2 |      40 |       3 |   7.0
       D:11 |    4660 |    1529 |  24.7 |      33 |       7 |  17.5
       D:12 |    6957 |    2095 |  23.1 |      44 |       2 |   4.3
       D:13 |    5609 |    7607 |  57.6 |      28 |      18 |  39.1
       D:14 |    9287 |       0 |   0.0 |      35 |       0 |   0.0
       D:15 |    9417 |    1589 |  14.4 |      27 |       1 |   3.6
     Lair:1 |    4761 |       0 |   0.0 |      12 |       0 |   0.0
     Lair:2 |    4839 |     105 |   2.1 |      23 |       1 |   4.2
     Lair:3 |    4045 |    3996 |  49.7 |      23 |       5 |  17.9
     Lair:4 |   12366 |    9518 |  43.5 |      39 |      12 |  23.5
     Lair:5 |    7598 |     831 |   9.9 |      29 |       3 |   9.4
     Lair:6 |   12693 |    8266 |  39.4 |      43 |      47 |  52.2
    Swamp:1 |   10707 |    1996 |  15.7 |      38 |       4 |   9.5
    Swamp:2 |    9319 |     876 |   8.6 |      21 |       1 |   4.5
    Swamp:3 |   12354 |     516 |   4.0 |      38 |       1 |   2.6
    Swamp:4 |    8917 |   18629 |  67.6 |      24 |      27 |  52.9
   Spider:1 |   17151 |    1973 |  10.3 |      53 |       7 |  11.7
   Spider:2 |   19735 |    3201 |  14.0 |      51 |       1 |   1.9
   Spider:3 |   11080 |    5425 |  32.9 |      29 |       7 |  19.4
   Spider:4 |   15450 |   20140 |  56.6 |      45 |      34 |  43.0
    Slime:1 |    7320 |       0 |   0.0 |      17 |       0 |   0.0
    Slime:2 |    8661 |       0 |   0.0 |      16 |       0 |   0.0
    Slime:3 |    9628 |       0 |   0.0 |      15 |       0 |   0.0
    Slime:4 |   25625 |       0 |   0.0 |      47 |       0 |   0.0
    Slime:5 |   18360 |   33871 |  64.8 |      35 |      13 |  27.1
      Orc:1 |    3681 |    1702 |  31.6 |      36 |       4 |  10.0
      Orc:2 |    1486 |    5283 |  78.0 |      23 |      42 |  64.6
      Elf:1 |   13736 |   19241 |  58.3 |      26 |      30 |  53.6
      Elf:2 |   18579 |   19589 |  51.3 |      39 |      30 |  43.5
      Elf:3 |    6655 |   31890 |  82.7 |      14 |      26 |  65.0
   Vaults:1 |   16604 |   20571 |  55.3 |      40 |      31 |  43.7
   Vaults:2 |   37811 |   25880 |  40.6 |      62 |      40 |  39.2
   Vaults:3 |   46044 |     790 |   1.7 |      62 |       2 |   3.1
   Vaults:4 |   21716 |   31360 |  59.1 |      51 |      39 |  43.3
   Vaults:5 |   13014 |  109953 |  89.4 |      24 |      81 |  77.1
    Crypt:1 |   39231 |       0 |   0.0 |      60 |       0 |   0.0
    Crypt:2 |   30277 |       0 |   0.0 |      40 |       0 |   0.0
    Crypt:3 |       0 |   77971 | 100.0 |       0 |     122 | 100.0
   Depths:1 |   23882 |    8635 |  26.6 |      26 |      16 |  38.1
   Depths:2 |   27349 |    8405 |  23.5 |      34 |       7 |  17.1
   Depths:3 |     282 |   94924 |  99.7 |       1 |      89 |  98.9
   Depths:4 |    9195 |   67132 |  88.0 |      16 |      43 |  72.9
   Depths:5 |   58361 |   20155 |  25.7 |      35 |      14 |  28.6
      Zot:1 |   56016 |       0 |   0.0 |      31 |       0 |   0.0
      Zot:2 |   78589 |       0 |   0.0 |      52 |       0 |   0.0
      Zot:3 |   47619 |   36645 |  43.5 |      29 |      18 |  38.3
      Zot:4 |   48480 |   10084 |  17.2 |      28 |       7 |  20.0
      Zot:5 |   20810 |  131386 |  86.3 |      13 |      37 |  74.0
    Abyss:1 |     101 |       0 |   0.0 |       1 |       0 |   0.0
    Abyss:3 |   12457 |   11980 |  49.0 |      28 |      10 |  26.3
        Pan |  105082 |   21384 |  16.9 |     112 |      21 |  15.8
      IceCv |       0 |    5191 | 100.0 |       0 |      27 | 100.0
     WizLab |    4387 |    4639 |  51.4 |      31 |       5 |  13.9
            +---------+---------+-------+---------+---------+-------
